 Dungeon Crawl Stone Soup version 0.26.1-11-gd32895ea62 (webtiles) character file.

Game seed: 2788963772754946009

42 H0rd4k the Insei (level 3, 0/23 HPs)
             Began as an Octopode Transmuter on May 31, 2021.
             Succumbed to an adder's poison
             ... on level 2 of the Dungeon.
             The game lasted 00:00:44 (1306 turns).

H0rd4k the Insei (Octopode Transmuter)              Turns: 1306, Time: 00:00:45

Health: 0/23       AC:  1    Str:  9    XL:     3   Next: 56%
Magic:  6/6        EV: 13    Int: 16    God:
Gold:   90         SH:  0    Dex: 12    Spells: 5/6 levels left

rFire    . . .     SeeInvis .     - Unarmed
rCold    . . .     Faith    .   (no shield)
rNeg     . . .     Spirit   .   (helmet restricted)
rPois    .         Reflect  .   (no amulet)
rElec    .         Harm     .   (no ring)
rCorr    .         Rampage  .   (no ring)
Will     .....                  (no ring)
Stlth    ++........             (no ring)
HPRegen  0.07/turn              (no ring)
MPRegen  0.10/turn              (no ring)
                                (no ring)
                                (no ring)

@: lethally poisoned (0 -> -12), attractive
A: almost no armour, stealthy swim, amphibious, 8 rings, constrict 8, camouflage
1, gelatinous body 1
a: no special abilities


You were on level 2 of the Dungeon.
You visited 1 branch of the dungeon, and saw 2 of its levels.

You collected 90 gold pieces.

Inventory:

Scrolls
 a - a scroll of blinking {unknown}
 d - a scroll of identify {unknown}
 f - a scroll of remove curse {unknown}
Potions
 b - a potion of lignification {unknown}
 c - a potion of attraction
 e - 2 potions of cancellation {unknown}


   Skills:
 + Level 1.0 Fighting
 + Level 2.2 Dodging
 + Level 0.8 Stealth
 + Level 4.0 Unarmed Combat
 + Level 2.2 Spellcasting
 + Level 2.0 Transmutations


You had 5 spell levels left.
You knew the following spells:

 Your Spells              Type           Power        Failure   Level
a - Beastly Appendage     Tmut           16%          9%          1

Your spell library contained the following spells:

 Spells                   Type           Power        Failure   Level
 Wereblood                Tmut           8%           13%         2
 Corona                   Hex            1%           21%         1
 Ensorcelled Hibernation  Hex/Ice        2%           30%         2
 Spider Form              Tmut/Pois      2%           36%         3
 Confusing Touch          Hex            1%           52%         3
 Dazzling Flash           Conj/Hex       2%           52%         3
 Tukima's Dance           Hex            1%           52%         3
 Ice Form                 Ice/Tmut       5%           78%         4
 Blade Hands              Tmut           4%           94%         5


Dungeon Overview and Level Annotations

Branches:
Dungeon (2/15)

Altars:
The Shining One


Innate Abilities, Weirdness & Mutations

You cannot wear most types of armour.
You are very stealthy in the water. (Stealth+)
You are amphibious.
You can wear up to eight rings at the same time.
You can use your tentacles to constrict eight enemies at once.
Your skin changes colour to match your surroundings (Stealth+).
Your rubbery body absorbs attacks. (AC +1, EV +1)


Message History

You barely miss the adder. You grab the adder. You constrict the adder.
The adder bites you.
You are lethally poisoned!
The adder poisons you!
You tentacle-slap the adder but do no damage.
You tentacle-slap the adder. Your squeeze misses the adder.
The adder is moderately wounded.
You constrict the adder.
You feel sick. The adder closely misses you. The adder bites you.
* * * LOW HITPOINT WARNING * * *
You are more poisoned.
The adder poisons you!
You tentacle-slap the adder.
You kill the adder!
* * * LOW HITPOINT WARNING * * *
You feel sick.
Your Unarmed Combat skill increases to level 4!
It was a potion of attraction.
You feel attractive to monsters.
You die...

# #.#..# #.#.#.###.
#.#.#..###.........
#.#..........#.....
#............######
#..............#
#..............#
#..............#
#.##.####..!#+###...#
.......@†...# #...#
......###...# +...+
##### #.).# #...#
#...... #...#
#(.......#...#
.........#...#
#.........#####
#...?.##### ##....#


There were no monsters in sight!

Vanquished Creatures
  An adder (D:2)
  A dart slug (D:1)
  2 giant cockroaches
  7 goblins (D:1)
  4 hobgoblins (D:1)
  3 jackals (D:1)
  3 kobolds
  4 bats
25 creatures vanquished.

Notes
Turn   | Place    | Note
-------+----------+-------------------------------------------
     0 | D:1      | H0rd4k the Octopode Transmuter began the quest for the Orb.
     0 | D:1      | Reached XP level 1. HP: 13/13 MP: 3/3
   185 | D:1      | Reached XP level 2. HP: 8/18 MP: 5/5
   653 | D:1      | Reached XP level 3. HP: 11/23 MP: 6/6
  1127 | D:1      | Found a glowing golden altar of the Shining One.
  1305 | D:2      | HP: 1/23 [poisoned by an adder]
  1306 | D:2      | Reached skill level 4 in Unarmed Combat
  1306 | D:2      | Succumbed to an adder's poison

Illustrated notes

Levels and vault maps discovered:
D:1:      roderic_octagonal_star, layout_loops_ring, st_stairs_7,
          kennysheep_pointless_box, minmay_misc_feat_square, tso_altar
D:2:      layout_basic, lemuel_crystal_altar

Skill      XL: |  1  2  3 |
---------------+----------+-----
Unarmed Combat | 4 |  4.0
Fighting       | |  1.0
Dodging        | |  2.2
Stealth        | |  0.8
Spellcasting   | |  2.2
Transmutations | |  2.0

Action                   || total
-------------------------++-------
Melee: Unarmed           ||    58
       Constrict         ||    14
       Tentacles         ||     5
       Punch             ||     1
  Use: Potion            ||     1
 Stab: Sleeping          ||     3
Armor: Skin              ||     5
Dodge: Dodged            ||    23
